 Dungeon Sprint DCSS version 0.27.1 (webtiles) character file.

Game seed: 17161216932455614199

790 sasquatch the Cleaver (level 8, -1/58 HPs)
             Began as a Formicid Fighter on Aug 27, 2021.
             Was an Elder of the Shining One.
             Slain by a bog body (20 damage)
             ... in the Dungeon (Sprint VII: "The Pits").
             The game lasted 00:05:39 (839 turns).

sasquatch the Cleaver (Formicid Fighter)             Turns: 839, Time: 00:05:39

Health: -1/58      AC:  9    Str: 24    XL:     8   Next: 12%
Magic:  8/8        EV:  9    Int:  7    God:    the Shining One [****..]
Gold:   0          SH:  0    Dex: 10    Spells: 7/7 levels left

rFire    . . .     SeeInvis +   a - +0 war axe
rCold    . . .     Faith    .   c - +0 kite shield
rNeg     + + .     Spirit   .   l - +3 scale mail
rPois    .         Reflect  .   (helmet unavailable)
rElec    .         Harm     .   (no cloak)
rCorr    .         Rampage  .   (no gloves)
Will     .....                  (no boots)
Stlth    ..........             (no amulet)
HPRegen  0.19/turn              (no ring)
MPRegen  0.11/turn              (no ring)

@: confused, glowing
A: permanent stasis, dig shafts and tunnels, antennae 3, four strong arms
a: Dig, Renounce Religion, Divine Shield, Cleansing Flame


You were in the Dungeon.
You worshipped the Shining One.
The Shining One was greatly pleased with you.
You visited 1 branch

Inventory:

Hand Weapons
 a - a +0 war axe (weapon)
 b - a +0 dagger of electrocution
 k - a +0 hand axe of freezing
 n - a +2 hand axe
Missiles
 j - 2 poisoned darts
Armour
 c - a +0 kite shield (worn)
 l - a +3 scale mail (worn)
 m - a +2 plate armour
Scrolls
 h - 5 scrolls of amnesia
 i - a scroll of summoning
Potions
 d - 2 potions of invisibility
 e - 3 potions of curing
 f - 6 potions of heal wounds
 g - 4 potions of magic


   Skills:
 - Level 3.2 Fighting
 + Level 14.7 Axes
 - Level 3.2 Armour
 - Level 9.0 Shields


You had 7 spell levels left.
You didn't know any spells.
Your spell library was empty.

Dungeon Overview and Level Annotations

Branches:
Dungeon (1/1)

Altars:
Ashenzari
Cheibriados
Dithmenos
Elyvilon
Fedhas
Gozag
Hepliaklqana
Kikubaaqudgha
Makhleb
Nemelex Xobeh
Okawaru
Qazlal
Ru
Sif Muna
Trog
Uskayaw
Vehumet
Wu Jian
Xom
Yredelemnul
Zin
The Shining One
Beogh
Jiyva
Lugonu


Innate Abilities, Weirdness & Mutations

You cannot be hasted, slowed, berserked, paralysed or teleported.
You can dig through walls and to a lower floor.
You have a pair of large antennae on your head. (SInv)
Your four strong arms can wield two-handed weapons with a shield.


Message History

The noxious blast engulfs you but does no damage.
You are poisoned.
You are engulfed in noxious fumes.
You choke on the stench!
You are confused.
You feel sick.
You feel less confused.
You feel sick.
You hit the swamp drake.
The swamp drake is lightly wounded.
You feel sick.
You are no longer poisoned.
You block the swamp drake's attack.
You hit the swamp drake.
The swamp drake is moderately wounded.
You barely miss the bog body. The swamp drake breathes poison at you.
The noxious blast engulfs the bog body but does no damage.
You slash the bog body!
The bog body is moderately damaged.
You block the bog body's attack.
You slash the bog body!
The bog body is severely damaged.
You hit the bog body but do no damage.
The bog body is severely damaged.
You hit the swamp drake. The bog body touches you. The bog body freezes you!!
* * * LOW HITPOINT WARNING * * *
The swamp drake breathes poison at you.
The noxious blast engulfs you but does no damage.
You are poisoned.
You feel better.
You are engulfed in noxious fumes.
You choke on the stench!
You are confused.
The bog body closely misses you. The swamp drake bites you.
You feel better.
You are engulfed in noxious fumes.
You choke on the stench!
You are confused.
The bog body touches you but does no damage.
The swamp drake bites you but does no damage.
You feel better.
You are engulfed in noxious fumes.
You choke on the stench!
You are confused.
The bog body touches you! The bog body freezes you!!
You die...

#########.##................+
...........)................+
'#####'#####......#..#......#
.#..#..#..##................#
.#..'..'..#####'#####''#####
.##+####)###.......##''#####
.#........##.......##......# {
.#........##...°nk.##......# {
.#####'#####...°@°.###b..n## #
.#...).)..##...°°°.# ##''## #..
.#....))[.##.......###....## ....
'###########.......##......#.b..#
.......#{{ ##########......'..k.+
..#)#..#{ #......#....# .##.##.#{
{ ##....###..n. .).....#+# ##++##
##.. .##.##.#t+ { { #


You could see a bog body and a swamp drake.

Vanquished Creatures
  A tyrant leech (D)
  A fire bat (D)
  A water moccasin (D)
  An ice beast (D)
  An ogre (D)
  A kobold brigand (D)
  2 jellies (D)
  An iron imp (D)
  A white imp (D)
  An adder skeleton (D)
  A bat zombie (D)
  2 giant cockroaches (D)
  2 goblins (D)
  A quokka (D)
  A ball python zombie (D)
  2 bats (D)
  A rat (D)
21 creatures vanquished.

Notes
Turn   | Place    | Note
-------+----------+-------------------------------------------
     0 | D        | sasquatch the Formicid Fighter began the quest for the Orb.
     0 | D        | Reached XP level 1. HP: 18/18 MP: 1/1
    39 | D        | Reached skill level 3 in Axes
    39 | D        | Reached XP level 2. HP: 21/24 MP: 2/2
    43 | D        | Noticed a water moccasin
    50 | D        | Killed a water moccasin
    51 | D        | Reached skill level 6 in Axes
    51 | D        | Reached XP level 3. HP: 17/29 MP: 3/3
    51 | D        | Reached XP level 4. HP: 20/35 MP: 4/4
    51 | D        | Reached XP level 5. HP: 24/41 MP: 5/5
   203 | D        | Found a bloodstained altar of Trog.
   203 | D        | Found a shimmering blue altar of Sif Muna.
   203 | D        | Found a viscous altar of Jiyva.
   203 | D        | Found a hazy altar of Hepliaklqana.
   203 | D        | Found an opulent altar of Gozag.
   204 | D        | Found a glowing golden altar of the Shining One.
   204 | D        | Found a glowing silver altar of Zin.
   204 | D        | Found a basalt altar of Yredelemnul.
   204 | D        | Found a shimmering altar of Xom.
   204 | D        | Found an ornate altar of the Wu Jian Council.
   204 | D        | Found a sacrificial altar of Ru.
   204 | D        | Found a stormy altar of Qazlal.
   204 | D        | Found an iron altar of Okawaru.
   204 | D        | Found a sparkling altar of Nemelex Xobeh.
   204 | D        | Found a burning altar of Makhleb.
   204 | D        | Found a blossoming altar of Fedhas.
   204 | D        | Found a white marble altar of Elyvilon.
   204 | D        | Found a shadowy altar of Dithmenos.
   204 | D        | Found a snail-covered altar of Cheibriados.
   205 | D        | Found a radiant altar of Vehumet.
   205 | D        | Found a corrupted altar of Lugonu.
   206 | D        | Found a hide-covered altar of Uskayaw.
   206 | D        | Found an ancient bone altar of Kikubaaqudgha.
   206 | D        | Found a broken altar of Ashenzari.
   208 | D        | Became a worshipper of the Shining One
   244 | D        | Reached skill level 7 in Axes
   249 | D        | Reached * piety under the Shining One
   254 | D        | Reached skill level 8 in Axes
   277 | D        | Reached skill level 9 in Axes
   277 | D        | Reached XP level 6. HP: 29/47 MP: 6/6
   420 | D        | Reached skill level 10 in Axes
   450 | D        | Reached ** piety under the Shining One
   455 | D        | Noticed a snapping turtle
   745 | D        | Noticed an ogre
   745 | D        | Noticed an ice beast
   745 | D        | Noticed a tyrant leech
   745 | D        | Reached *** piety under the Shining One
   763 | D        | Killed an ogre
   764 | D        | Reached skill level 11 in Axes
   767 | D        | Killed an ice beast
   768 | D        | Reached skill level 12 in Axes
   768 | D        | Reached XP level 7. HP: 52/52 MP: 7/7
   777 | D        | Killed a tyrant leech
   778 | D        | Reached skill level 13 in Axes
   801 | D        | Noticed a fire bat
   801 | D        | Noticed a bog body
   801 | D        | Reached **** piety under the Shining One
   817 | D        | Killed a fire bat
   818 | D        | Reached skill level 14 in Axes
   818 | D        | Reached XP level 8. HP: 44/58 MP: 8/8
   839 | D        | Slain by a bog body

Illustrated notes

Levels and vault maps discovered:
D:        pitsprint [storerooms_1, entrance_room_1, metal_vault_2, armoury_2,
          mini_pit_1, grid_room_1, main_hall_1, silver_pit, the_coven_3,
          the_vestibule_1, steel_vault_1, golden_pit, hallway_of_sentries,
          crystal_vault_2, iron_vault_2, final_vault]

Skill      XL: |  1  2  3  4  5  6  7 |
---------------+----------------------+-----
Shields        | 4 8 9 |  9.0
Axes           | 3 6 9 12 14 | 14.7
Fighting       | |  3.2
Armour         | |  3.2

Action                   |  1- 3 |  4- 6 |  7- 9 || total
-------------------------+-------+-------+-------++-------
Melee: War axe           |    24 |    52 |    17 ||    93
Throw: Dart              |       |     1 |       ||     1
  Use: Potion            |     1 |       |     3 ||     4
Armor: Scale mail        |    15 |     8 |     5 ||    28
Dodge: Dodged            |    11 |    14 |     3 ||    28
Block: Kite shield       |    18 |    20 |     4 ||    42
